 Dungeon Crawl Stone Soup version 0.30-a0-629-gd54f4be4f7 (webtiles) character file.

Game seed: 17745242838435332651

1400 ragingrage the Chiller (level 8, -9/67 HPs)
             Began as an Ogre Ice Elementalist on Jan 12, 2023.
             Was a Follower of Ashenzari.
             Mangled by Maggie the naga
             ... wielding a +0 heavy war axe
              (22 damage)
             ... on level 6 of the Dungeon.
             The game lasted 00:07:30 (5279 turns).

ragingrage the Chiller (Ogre Ice Elementalist)      Turns: 5279, Time: 00:07:31

Health: -9/67      AC: 10    Str: 13    XL:     8   Next: 69%
Magic:  5/20       EV:  6    Int: 18    God:    Ashenzari [*.....]
Gold:   272        SH:  0    Dex:  9    Spells: 0/11 levels left

rFire   . . .      SeeInvis .    t - +0 short sword (elec)
rCold   . . .      Faith    .    (no shield)
rNeg    . . .      Spirit   .    a - +0 robe of the Astral Pessimism {Alch, Melee} (curse)
rPois   .          Reflect  .    (helmet restricted)
rElec   .          Harm     .    s - scarf "Failure of Ashenzari" {+Inv, Melee, Range} (curse)
rCorr   .          Rampage  .    (gloves unavailable)
Will    .....                    (boots unavailable)
Stlth   +                        (no amulet)
HPRegen 0.31/turn                y - ring of magical power
MPRegen 0.17/turn                (no ring)

@: ice-armoured, freezing walls, constricted
A: large, unfitting armour, tough skin 1
a: Renounce Religion, Evoke Invisibility, Shatter the Chains


You were on level 6 of the Dungeon.
You worshipped Ashenzari.
Ashenzari was aware of your devotion.
You visited 1 branch of the dungeon, and saw 6 of its levels.

You collected 272 gold pieces.

Inventory:

Hand Weapons
 e - a +2 flail of protection
 t - a +0 short sword of electrocution (weapon)
Missiles
 f - 6 javelins
 p - 3 datura-tipped darts
 u - 3 curare-tipped darts
 D - 5 poisoned darts
Armour
 a - the cursed +0 robe of the Astral Pessimism (worn) {Alch, Melee}

   It has a curse which improves the following skills: Alchemy: Poison Magic and
   Transmutations.
   Melee Combat: Short Blades, Long Blades, Axes, Maces & Flails, Polearms,
   Staves and Unarmed Combat.
 s - the cursed scarf "Failure of Ashenzari" (worn) {+Inv, Melee, Range}
   (You found it on level 2 of the Dungeon)

   It has a curse which improves the following skills: Melee Combat: Short
   Blades, Long Blades, Axes, Maces & Flails, Polearms, Staves and Unarmed
   Combat.
   Ranged Combat: Ranged Weapons and Throwing.
Magical Staves
 E - a staff of conjuration
Jewellery
 y - a ring of magical power (left hand)
Wands
 q - a wand of polymorph (5)
 C - a wand of iceblast (4)
Scrolls
 c - 2 scrolls of identify
 d - a scroll of fear
 i - a scroll of amnesia
 k - 3 scrolls of magic mapping
 m - a scroll of brand weapon
 n - 5 scrolls of teleportation
 o - a scroll of immolation
 B - a scroll of torment
Potions
 b - a potion of magic
 g - a potion of flight
 h - 2 potions of curing
 j - 2 potions of attraction
 l - 4 potions of might
 r - a potion of invisibility
 v - a potion of brilliance
 w - 3 potions of mutation
 x - a potion of berserk rage
 z - a potion of ambrosia
 A - a potion of resistance


   Skills:
 - Level 2.8(4.0) Short Blades
 + Level 5.5(6.8) Maces & Flails
 - Level 1.7 Dodging
 - Level 1.4 Stealth
 - Level 2.4 Spellcasting
 + Level 7.9 Ice Magic


You couldn't memorise any spells.
You knew the following spells:

 Your Spells              Type           Power      Damage    Failure   Level
a - Frozen Ramparts       Ice            60%        1d10      1%          3
b - Ozocubu's Armour      Ice            30%        N/A       1%          3
c - Summon Ice Beast      Ice/Summ       16%        N/A       34%         4
d - Freeze                Ice            100%       1d10      1%          1

Your spell library contained the following spells:

 Spells                   Type           Power      Damage    Failure   Level
 Apportation              Tloc           4%         N/A       17%         1
 Magic Dart               Conj           8%         1d3       17%         1
 Searing Ray              Conj           4%         2d4       26%         2
 Fulminant Prism          Conj/Hex       1%         3d5       86%         4
 Alistair's Intoxication  Tmut/Pois      1%         N/A       99%         5


Dungeon Overview and Level Annotations

Branches:
Dungeon (6/15)             Temple (0/1) D:5

Altars:
Ashenzari
Fedhas
The Shining One

Annotations:
D:5 2 runed translucent doors
D:6 Maggie


Innate Abilities, Weirdness & Mutations

You are too large for most types of armour.
You have tough skin. (AC +1)


Message History

Press: ? - help, Shift-Dir - straight line, f/p - Maggie
Aim: Maggie the naga You freeze Maggie.
Maggie is lightly wounded.
The frozen ramparts melt away.
Maggie picks up a +0 heavy war axe.
Maggie wields a +0 heavy war axe.
Maggie picks up +0 acid dragon scales.
Maggie wears +0 acid dragon scales.
Casting: Freeze (safe; 1% risk of failure)
Confirm with . or Enter, or press ? or * to list all spells.
Casting: Frozen Ramparts (safe; 1% risk of failure)
Press: ? - help, Dir - look around, f - activate The walls around you are covered in ice.
Casting: Frozen Ramparts (safe; 1% risk of failure)
Confirm with . or Enter, or press ? or * to list all spells.
Aiming: Freeze (safe; 1% risk of failure)
Press: ? - help, Shift-Dir - straight line, f - Maggie
Aim: Maggie the naga, wielding a +0 heavy war axe and wearing +0 acid dragon scales (lightly wounded)
You freeze Maggie.
Maggie is lightly wounded.
The wall freezes Maggie but does no damage.
Maggie picks up a potion of ambrosia.
Maggie barely misses you. Maggie grabs you. Maggie constricts you.
* * * LOW HITPOINT WARNING * * *
Casting: Freeze (safe; 1% risk of failure)
Confirm with . or Enter, or press ? or * to list all spells.
Aiming: Freeze (safe; 1% risk of failure)
Press: ? - help, Shift-Dir - straight line, f/p - Maggie
Aim: Maggie the naga, wielding a +0 heavy war axe and wearing +0 acid dragon scales (lightly wounded, constricting you)
You freeze Maggie!
Maggie is heavily wounded.
Casting: Freeze (safe; 1% risk of failure)
Confirm with . or Enter, or press ? or * to list all spells.
Aiming: Freeze (safe; 1% risk of failure)
Press: ? - help, Shift-Dir - straight line, f/p - Maggie
Aim: Maggie the naga, wielding a +0 heavy war axe and wearing +0 acid dragon scales (heavily wounded, constricting you)
You freeze Maggie!
Maggie is almost dead.
The wall freezes Maggie.
Maggie hits you with a +0 heavy war axe!!
You die...

###..# .....#### #....#
##### ..........######...#
#....
............>.##..#####....
....... #...............
....... ##...########....
....... ##...## #....
.......###)†..# #....
#...†)N@..## #....
......#####†## #.... .Yo#.
#.# ##### > .. #.# #. .o
#.# #. .. ..# ####. . ..#
##.... #..# ##..... #...
#..>.##


You could see Maggie the naga.

Vanquished Creatures
  Prince Ribbit (D:5)
  A water moccasin (D:5)
  Duvessa (D:5)
  A sky beast (D:6)
  A centaur (D:6)
  A phantom (D:4)
  Blork the orc (D:6)
  3 scorpions
  Dowan (D:5)
  3 hounds
  3 jellies
  An orc priest (D:6)
  2 orc wizards (D:4)
  10 adders
  A white imp (D:6)
  2 ufetubi (D:5)
  A worm (D:2)
  2 dart slugs (D:2)
  12 orcs
  5 bats
  4 endoplasms
  2 giant cockroaches
  3 hobgoblins
  3 quokkas
  6 ball pythons
  11 frilled lizards
  14 goblins
  3 kobolds
  5 rats
104 creatures vanquished.

Vanquished Creatures (others)
  A fungus (D:1)
1 creature vanquished.

Grand Total: 105 creatures vanquished

Notes
Turn   | Place    | Note
-------+----------+-------------------------------------------
     0 | D:1      | ragingrage the Ogre Ice Elementalist began the quest for
                  | the Orb.
     0 | D:1      | Reached XP level 1. HP: 16/16 MP: 3/3
   234 | D:1      | Reached skill level 4 in Ice Magic
   234 | D:1      | Reached XP level 2. HP: 24/24 MP: 3/5
   365 | D:1      | Found a faded altar of an unknown god.
   489 | D:1      | Prayed at the altar of an unknown god.
   489 | D:1      | Became a worshipper of Ashenzari the Shackled
  1003 | D:1      | Reached XP level 3. HP: 30/31 MP: 3/6
  1436 | D:2      | Reached skill level 1 in Maces & Flails
  1623 | D:2      | Identified the +0 chain mail of the Marlin {-Cast +Blink
                  | Fly rElec}
  1672 | D:2      | Reached XP level 4. HP: 30/39 MP: 0/7
  1691 | D:2      | Learned a level 3 spell: Frozen Ramparts
  2472 | D:3      | Reached * piety under Ashenzari
  2544 | D:3      | Reached skill level 5 in Ice Magic
  2544 | D:3      | Reached XP level 5. HP: 45/45 MP: 3/8
  2555 | D:3      | Noticed Terence
  2569 | D:3      | Terence changed into Terence the endoplasm
  2569 | D:3      | Noticed Terence
  2570 | D:3      | Killed Terence the endoplasm
  2662 | D:3      | Found a glowing golden altar of the Shining One.
  2723 | D:3      | Reached skill level 1 in Short Blades
  3356 | D:4      | Noticed a phantom
  3383 | D:4      | Killed a phantom
  3384 | D:4      | Reached XP level 6. HP: 28/53 MP: 8/9
  3816 | D:5      | Entered Level 5 of the Dungeon
  3906 | D:5      | Reached skill level 6 in Ice Magic
  3911 | D:5      | Learned a level 4 spell: Summon Ice Beast
  4052 | D:5      | Found a blossoming altar of Fedhas.
  4066 | D:5      | Noticed a water moccasin
  4073 | D:5      | Killed a water moccasin
  4074 | D:5      | Reached XP level 7. HP: 56/59 MP: 10/10
  4242 | D:5      | Found a large runed translucent door.
  4242 | D:5      | Found a large runed translucent door.
  4377 | D:5      | Found a staircase to the Ecumenical Temple.
  4431 | D:5      | Noticed Prince Ribbit
  4450 | D:5      | Killed Prince Ribbit
  4588 | D:5      | Identified the +1 leather armour of Distant Worlds {Int+2}
  4596 | D:5      | Noticed Dowan
  4597 | D:5      | Noticed Duvessa
  4604 | D:5      | Killed Duvessa
  4604 | D:5      | Killed Dowan
  4605 | D:5      | Reached skill level 7 in Ice Magic
  4605 | D:5      | Reached XP level 8. HP: 50/67 MP: 11/11
  4955 | D:5      | Learned a level 3 spell: Ozocubu's Armour
  5000 | D:6      | Noticed Blork the orc
  5006 | D:6      | Killed Blork the orc
  5256 | D:6      | Reached skill level 5 in Maces & Flails
  5265 | D:6      | Noticed Maggie
  5274 | D:6      | Maggie changed into Maggie the naga
  5274 | D:6      | Noticed Maggie
  5279 | D:6      | Mangled by Maggie the naga

Illustrated notes

Levels and vault maps discovered:
D:1:      matt_arrival_spirals, layout_loops_ring,
          dreamdust_ecumenical_altar_hidden_monk_grotto, minmay_tetromino_i2
D:2:      minmay_alternating_diamond, layout_basic
D:3:      layout_rooms, lemuel_tele_altar, uniq_terence
D:4:      layout_gridville
D:5:      layout_basic, fedhas_ov_isle_minmay, jmf_multi_god_temple2,
          minmay_temple_entry_butterflies, uniq_duvessa, uniq_prince_ribbit1
D:6:      layout_rooms, serial_shops, nicolae_square_shop,
          minmay_misc_feat_secret_circle, st_stairs_4, uniq_maggie,
          uniq_blork_the_orc, uniq_eustachio, uniq_crazy_yiuf_cottage

Skill      XL: |  1  2  3  4  5  6  7  8 |
---------------+-------------------------+-----
Ice Magic      | 4 5 6 7 |  7.9
Maces & Flails | 1 2 4 5 |  5.5
Short Blades   | 2 |  2.8
Dodging        | |  1.7
Stealth        | |  1.4
Spellcasting   | |  2.4

Action                   |  1- 3 |  4- 6 |  7- 9 || total
-------------------------+-------+-------+-------++-------
Melee: Unarmed           |     2 |       |       ||     2
       Mace              |    22 |    10 |       ||    32
       Dagger            |       |    31 |       ||    31
       Short sword       |       |    42 |    17 ||    59
       Punch             |       |     1 |       ||     1
Throw: Dart              |       |       |     2 ||     2
 Cast: Freeze            |    46 |    40 |    25 ||   111
       Frozen Ramparts   |       |    15 |    13 ||    28
       Ozocubu's Armour  |       |       |     4 ||     4
Invok: Curse Item        |     1 |     1 |     1 ||     3
       Shatter the Chain |       |     1 |       ||     1
Evoke: Wand              |       |     1 |     5 ||     6
  Use: Potion            |       |       |     3 ||     3
Armor: Robe              |    18 |    27 |    19 ||    64
Dodge: Dodged            |    33 |    43 |    21 ||    97

Table legend: (Time is in decaauts)
 A = Elapsed time spent in this place.
 B = Non-inter-level travel time spent in this place.
 C = Inter-level travel time spent in this place.
 D = Time resting spent in this place.
 E = Time spent auto-exploring this place.
 F = Levels seen in this place.
 G = Mean time per level.
                   A        B        C        D        E       F      G
               +--------+--------+--------+--------+--------+-----+--------+
         Total |   5276 |   5010 |    266 |    393 |   3794 |   6 |  879.3 |
       Dungeon |   5276 |   5010 |    266 |    393 |   3794 |   6 |  879.3 |
               +--------+--------+--------+--------+--------+-----+--------+

Top non-repeatable levels by time:
     D:1: 1257 daAuts
     D:2: 1200 daAuts
     D:5: 1183 daAuts
     D:3: 681 daAuts
     D:4: 678 daAuts
     D:6: 275 daAuts
